 Dungeon Crawl Stone Soup version 0.19.1 (webtiles) character file.

54 Haldmier the Slasher (level 3, 0/26 HPs)
             Began as a High Elf Skald on Dec 12, 2016.
             Was an Initiate of Sif Muna.
             Slain by Robin
             ... wielding a +0 mace
              (6 damage)
             ... on level 2 of the Dungeon.
             The game lasted 00:06:15 (1949 turns).

Haldmier the Slasher (High Elf Skald)               Turns: 1949, Time: 00:06:16

Health: 0/26       AC:  6    Str: 11    XL:     3   Next: 66%
Magic:  2/7        EV: 11    Int: 16    God:    Sif Muna [......]
Gold:   122        SH:  0    Dex: 15    Spells: 1 memorised, 5 levels left

rFire  . . .     SeeInvis .     a - +0 falchion
rCold  . . .     Gourm    .     i - +3 leather armour
rNeg   . . .     Faith    .     (no shield)
rPois  .         Spirit   .     (no helmet)
rElec  .         Reflect  .     (no cloak)
rCorr  .         Harm     .     (no gloves)
MR     .....                    (no boots)
Stlth  +.........               (no amulet)
                                (no ring)
                                (no ring)

@: no status effects
A: no striking features
a: Renounce Religion


You were on level 2 of the Dungeon.
You worshipped Sif Muna.
Sif Muna was noncommittal.
You were not hungry.

You visited 1 branch of the dungeon, and saw 2 of its levels.

You collected 122 gold pieces.

Inventory:

Hand Weapons
 a - a +0 falchion (weapon)
 m - a +0 hunting sling
Missiles
 n - 45 stones (quivered)
Armour
 i - a +3 leather armour (worn)
Jewellery
 o - a cursed -3 ring of strength {unknown}
Scrolls
 e - 2 scrolls of remove curse {unknown}
 g - a scroll of fear {unknown}
 k - a scroll of identify {unknown}
 l - 3 scrolls of magic mapping {unknown}
 p - a scroll of random uselessness {unknown}
 t - 2 scrolls of blinking {unknown}
 v - a scroll of fog {unknown}
Potions
 f - 2 potions of might {unknown}
 q - a potion of magic {unknown}
 r - 2 potions of heal wounds {unknown}
 s - a potion of ambrosia {unknown}
Books
 c - a book of Battle

   Spells                             Type                      Level
   a - Infusion                       Charms                       1
   b - Shroud of Golubria             Charms/Translocation         2
   c - Song of Slaying                Charms                       2
   d - Spectral Weapon                Hexes/Charms                 3
   e - Regeneration                   Charms/Necromancy            3
Comestibles
 b - 5 chunks of flesh
 d - 2 bread rations
 h - a slice of pizza
 j - a beef jerky
 u - 2 fruits


   Skills:
 + Level 3.0 Fighting
 * Level 4.1 Long Blades
 - Level 0.8 Armour
 - Level 1.1 Dodging
 - Level 2.4 Spellcasting
 - Level 3.6 Charms


You had 5 spell levels left.
You knew the following spells:

 Your Spells              Type           Power        Failure   Level  Hunger
a - Infusion              Chrm           ##..         8%          1    #......


Dungeon Overview and Level Annotations

Branches:
Dungeon (2/15)

Altars:
Ru
Sif Muna

Annotations:
D:2 Robin


Message History

Robin is moderately wounded.
The hobgoblin barely misses you.
You riposte.
You hit the hobgoblin.
You kill the hobgoblin!
Sif Muna accepts your kill.
You now have 2/7 mp.
You barely miss Robin.
Robin is moderately wounded.
You are no longer magically infusing your attacks.
Robin hits you with a mace!
You take 7 damage, and have 12/26 hp.
MASSIVE DAMAGE!!
You barely miss Robin.
Robin is moderately wounded.
Robin hits you with a mace.
* * * LOW HITPOINT WARNING * * *
You take 6 damage, and have 6/26 hp.
MASSIVE DAMAGE!!
Things that are here:
a club x2; a goblin corpse Robin says, "Kneel, worm!"
Robin hits you with a mace.
You die...

##...###......>.#≈≈≈≈≈≈≈#.
#...............##≈≈≈≈≈##.
#................#######..
#.........................
#.........g...............
#......)###.)..g..........
##)....)..##..g.####......
##....)g).##....##...##.#
###....@..##g.g.........
#........##.....####.#
#.........##g...# #..#
#.......(..###..# #.##
#........####.#)###...
#####..### #.........
####..## ###.#.#...
#......# ##.#.###.
#.<÷...# #.g..# #.


You could see Robin.

Vanquished Creatures
  2 worms (D:2)
  A giant cockroach (D:1)
  7 hobgoblins
  2 kobolds (D:1)
  A quokka (D:2)
  2 ball pythons (D:1)
  6 bats
  2 frilled lizards (D:1)
  16 goblins
  3 rats
42 creatures vanquished.

Notes
Turn   | Place    | Note
-------+----------+-------------------------------------------
     0 | D:1      | Haldmier the High Elf Skald began the quest for the Orb.
     0 | D:1      | Reached XP level 1. HP: 14/14 MP: 4/4
   355 | D:1      | Reached skill level 3 in Long Blades
   507 | D:1      | Reached XP level 2. HP: 14/19 MP: 1/6
  1276 | D:2      | Found a faded altar of an unknown god.
  1276 | D:2      | Found a faded altar of an unknown god.
  1281 | D:2      | Found a sacrificial altar of Ru.
  1283 | D:2      | Found a faded altar of an unknown god.
  1284 | D:2      | Found a faded altar of an unknown god.
  1430 | D:2      | Reached XP level 3. HP: 23/25 MP: 3/7
  1456 | D:2      | Found a deep blue altar of Sif Muna.
  1462 | D:2      | Became a worshipper of Sif Muna the Loreminder
  1907 | D:2      | Noticed Robin
  1944 | D:2      | Reached skill level 4 in Long Blades
  1949 | D:2      | Slain by Robin

Skill      XL: |  1  2  3 |
---------------+----------+-----
Long Blades    | 3 4 |  4.1
Fighting       | 3 |  3.0
Armour         | |  0.8
Dodging        | |  1.1
Spellcasting   | |  2.4
Charms         | |  3.6

Action                   || total
-------------------------++-------
Melee: Falchion          ||   107
 Cast: Infusion          ||    22
 Stab: Sleeping          ||     1
  Eat: Chunk             ||     4
Armor: Leather armour    ||    36
Dodge: Dodged            ||    56
       Rpst.: Falchion   ||    21
